| TOP OF THE 1ST |
|
Tri-City ValleyCats batting - Pitching for Los Angeles (NYP) Angels : RHP Ju-wei Long
|
|
Pitching: RHP Ju-wei Long
|
|
|
Batting: RHB Kieron Clark
|
0-0: Ball 1-0: Ball 2-0: Foul Ball, location: 2F 2-1: Ball 3-1: Base on Balls
|
|
Batting: LHB Bruce Arvizu
|
0-0: Ball 1-0: Swinging Strike 1-1: Ball 2-1: Ball 3-1: Foul Ball, location: 2F 3-2: Foul Ball, location: 2F 3-2: Foul Ball, location: 2F 3-2: Base on Balls Kieron Clark to second
|
|
Batting: RHB Erik Smith
|
0-0: Ball 1-0: Grounds into double play, 6-4-3 (Groundball, 6, EV 85.0 MPH) Kieron Clark to third
|
|
Batting: LHB Aldo Kok
|
0-0: Called Strike 0-1: Foul Ball, location: 2F 0-2: Ball 1-2: Ball 2-2: Foul Ball, location: 2F 2-2: Foul Ball, location: 2F 2-2: Fly out, F8 (Flyball, 8LS, EV 86.9 MPH)
|
| Top of the 1st over - 0 runs, 0 hits, 0 errors, 1 left on base; Tri-City 0 - Los Angeles (NYP) 0 |
| BOTTOM OF THE 1ST |
|
Los Angeles (NYP) Angels batting - Pitching for Tri-City ValleyCats : LHP Jason Mitchell
|
|
Pitching: LHP Jason Mitchell
|
|
|
Batting: RHB Dan Myers
|
0-0: Ball 1-0: Ball 2-0: Ground out 4-3 (Groundball, 4, EV 98.8 MPH)
|
|
Batting: RHB Sean Rocha
|
0-0: Ball 1-0: Ground out 3-1 (Groundball, 34, EV 80.6 MPH)
|
|
Batting: RHB Kyle Gray
|
0-0: Ball 1-0: Foul Ball, location: 2F 1-1: Ball 2-1: Ground out 5-3 (Groundball, 15, EV 83.8 MPH)
|
| Bottom of the 1st over - 0 runs, 0 hits, 0 errors, 0 left on base; Tri-City 0 - Los Angeles (NYP) 0 |
| TOP OF THE 2ND |
|
Tri-City ValleyCats batting - Pitching for Los Angeles (NYP) Angels : RHP Ju-wei Long
|
|
Batting: RHB Dinand Brouwer
|
0-0: Ball 1-0: Ground out 5-3 (Groundball, 5, EV 85.6 MPH)
|
|
Batting: RHB Alex Campos
|
0-0: Ball 1-0: Called Strike 1-1: Foul Ball, location: 2F 1-2: Strikes out swinging
|
|
Batting: LHB Mike Handrahan
|
0-0: Called Strike 0-1: Called Strike 0-2: Ball 1-2: Ball 2-2: Strikes out swinging wild pitch, reaches first!
|
|
Batting: LHB Bob Govella
|
0-0: Swinging Strike 0-1: Foul Ball, location: 2F 0-2: Strikes out swinging
|
| Top of the 2nd over - 0 runs, 0 hits, 0 errors, 1 left on base; Tri-City 0 - Los Angeles (NYP) 0 |
| BOTTOM OF THE 2ND |
|
Los Angeles (NYP) Angels batting - Pitching for Tri-City ValleyCats : LHP Jason Mitchell
|
|
Batting: SHB Danny Gelinas
|
0-0: Ball 1-0: Foul Ball, location: 2F 1-1: Ball 2-1: Foul Ball, location: 2F 2-2: Ball 3-2: Fly out, F9 (Line Drive, 9, EV 85.6 MPH)
|
|
Batting: RHB Dan Burkhart
|
0-0: Ball 1-0: Swinging Strike 1-1: Swinging Strike 1-2: Strikes out looking
|
|
Batting: LHB Spencer Palmer
|
0-0: Called Strike 0-1: Ball 1-1: Swinging Strike 1-2: Foul Ball, location: 2F 1-2: Ball 2-2: Strikes out swinging
|
| Bottom of the 2nd over - 0 runs, 0 hits, 0 errors, 0 left on base; Tri-City 0 - Los Angeles (NYP) 0 |
| TOP OF THE 3RD |
|
Tri-City ValleyCats batting - Pitching for Los Angeles (NYP) Angels : RHP Ju-wei Long
|
|
Batting: SHB Sean Hill
|
0-0: Called Strike 0-1: Ball 1-1: Foul Ball, location: 2F 1-2: Strikes out swinging
|
|
Batting: RHB Kieron Clark
|
0-0: Ball 1-0: Swinging Strike 1-1: Called Strike 1-2: Ball 2-2: Ball 3-2: Foul Ball, location: 2F 3-2: Base on Balls
|
|
Batting: LHB Bruce Arvizu
|
0-0: Ball 1-0: Ball 2-0: Ball 3-0: Base on Balls Kieron Clark to second
|
|
Batting: RHB Erik Smith
|
0-0: Ball Wild Pitch! Kieron Clark to third Bruce Arvizu to second 1-0: Swinging Strike 1-1: Fly out, F8 (Flyball, 89M, EV 91.9 MPH)
|
|
Batting: LHB Aldo Kok
|
0-0: Foul Ball, location: 2F 0-1: Hit by Pitch
|
|
Batting: RHB Dinand Brouwer
|
0-0: Swinging Strike 0-1: Ball 1-1: Foul Ball, location: 2F 1-2: Strikes out swinging
|
| Top of the 3rd over - 0 runs, 0 hits, 0 errors, 3 left on base; Tri-City 0 - Los Angeles (NYP) 0 |
| BOTTOM OF THE 3RD |
|
Los Angeles (NYP) Angels batting - Pitching for Tri-City ValleyCats : LHP Jason Mitchell
|
|
Batting: RHB David Rhodes
|
0-0: Ball 1-0: Called Strike 1-1: Ball 2-1: Ground out 6-3 (Groundball, 6MS, EV 73.1 MPH)
|
|
Batting: LHB Alberto Carrillo
|
0-0: Called Strike 0-1: Foul Ball, location: 2F 0-2: Foul Ball, location: 2F 0-2: Ground out 3-1 (Groundball, 34S, EV 91.2 MPH)
|
|
Batting: RHB Ron Major
|
0-0: Called Strike 0-1: Called Strike 0-2: Foul Ball, location: 2F 0-2: Ground out 5-3 (Groundball, 56S, EV 82.5 MPH)
|
| Bottom of the 3rd over - 0 runs, 0 hits, 0 errors, 0 left on base; Tri-City 0 - Los Angeles (NYP) 0 |
| TOP OF THE 4TH |
|
Tri-City ValleyCats batting - Pitching for Los Angeles (NYP) Angels : RHP Ju-wei Long
|
|
Batting: RHB Alex Campos
|
0-0: Ball 1-0: Ball 2-0: Called Strike 2-1: Ball 3-1: Base on Balls
|
|
Batting: LHB Mike Handrahan
|
0-0: Called Strike 0-1: Ball 1-1: Foul Ball, location: 2F 1-2: Ball 2-2: Ball 3-2: DOUBLE (Flyball, 8LXD, EV 110.0 MPH) Alex Campos to third
|
|
Batting: LHB Bob Govella
|
0-0: Ball Passed Ball! Alex Campos scores Mike Handrahan to third 1-0: Foul Ball, location: 2F 1-1: Foul Ball, location: 2F 1-2: Foul Ball, location: 2F 1-2: Foul Ball, location: 2F 1-2: Ball 2-2: 2-RUN HOME RUN (Flyball, 9D, EV 100.6 MPH), Distance : 385 ft
|
|
Batting: SHB Sean Hill
|
0-0: Called Strike 0-1: Swinging Strike 0-2: Ball 1-2: Strikes out swinging
|
|
Pitching: RHP Javier Carrasco
|
|
|
Batting: RHB Kieron Clark
|
0-0: Ball 1-0: Ball 2-0: Swinging Strike 2-1: Ball 3-1: Called Strike 3-2: Strikes out swinging, 2-3 out at first.
|
|
Batting: LHB Bruce Arvizu
|
0-0: Called Strike 0-1: Ball 1-1: TRIPLE (Flyball, 89XD, EV 110.6 MPH)
|
|
Batting: RHB Erik Smith
|
0-0: Ball 1-0: Ground out 5-3 (Groundball, 5L, EV 80.0 MPH)
|
| Top of the 4th over - 3 runs, 3 hits, 0 errors, 1 left on base; Tri-City 3 - Los Angeles (NYP) 0 |
| BOTTOM OF THE 4TH |
|
Los Angeles (NYP) Angels batting - Pitching for Tri-City ValleyCats : LHP Jason Mitchell
|
|
Batting: RHB Dan Myers
|
0-0: Called Strike 0-1: Ball 1-1: Foul Ball, location: 2F 1-2: Fly out, F8 (Line Drive, 8LM, EV 102.5 MPH)
|
|
Batting: RHB Sean Rocha
|
0-0: Fly out, F9 (Flyball, 9D, EV 96.2 MPH)
|
|
Batting: RHB Kyle Gray
|
0-0: Ball 1-0: Called Strike 1-1: Ball 2-1: Ball 3-1: Base on Balls
|
|
Batting: SHB Danny Gelinas
|
0-0: Ball 1-0: Swinging Strike 1-1: Ball 2-1: Swinging Strike 2-2: Ball 3-2: Strikes out looking
|
| Bottom of the 4th over - 0 runs, 0 hits, 0 errors, 1 left on base; Tri-City 3 - Los Angeles (NYP) 0 |
| TOP OF THE 5TH |
|
Tri-City ValleyCats batting - Pitching for Los Angeles (NYP) Angels : RHP Javier Carrasco
|
|
Batting: LHB Aldo Kok
|
0-0: Ground out U3 (Groundball, 34, EV 86.9 MPH)
|
|
Batting: RHB Dinand Brouwer
|
0-0: Ball 1-0: Ball 2-0: Ball 3-0: Called Strike 3-1: Ground out 5-3 (Groundball, 56S, EV 74.4 MPH)
|
|
Batting: RHB Alex Campos
|
0-0: Ball 1-0: Called Strike 1-1: Ball 2-1: Swinging Strike 2-2: Strikes out looking
|
| Top of the 5th over - 0 runs, 0 hits, 0 errors, 0 left on base; Tri-City 3 - Los Angeles (NYP) 0 |
| BOTTOM OF THE 5TH |
|
Los Angeles (NYP) Angels batting - Pitching for Tri-City ValleyCats : LHP Jason Mitchell
|
|
Batting: RHB Dan Burkhart
|
0-0: Foul Ball, location: 2F 0-1: Ball 1-1: SINGLE (Line Drive, 9LS, EV 104.4 MPH)
|
|
Batting: LHB Spencer Palmer
|
0-0: Ball 1-0: Fielders Choice at 2nd, 5-4 (Groundball, 56, EV 99.4 MPH)
|
|
Batting: RHB David Rhodes
|
0-0: Foul Ball, location: 2F 0-1: Foul Ball, location: 2F 0-2: Hit by Pitch Spencer Palmer to second
|
|
Batting: LHB Alberto Carrillo
|
0-0: Fly out, F9 (Line Drive, 9S, EV 98.1 MPH)
|
|
Batting: RHB Ron Major
|
0-0: SINGLE (Groundball, 56D, EV 100.0 MPH) Spencer Palmer to third David Rhodes to second Runner from 3rd tries for Home, SAFE, throw by LF to home
|
|
Batting: RHB Dan Myers
|
0-0: Ball 1-0: Ground out U3 (Groundball, 34S, EV 81.2 MPH)
|
| Bottom of the 5th over - 1 run, 2 hits, 0 errors, 2 left on base; Tri-City 3 - Los Angeles (NYP) 1 |
| TOP OF THE 6TH |
|
Tri-City ValleyCats batting - Pitching for Los Angeles (NYP) Angels : RHP Javier Carrasco
|
|
Pitching: RHP Jerry Romero
|
|
|
Batting: LHB Mike Handrahan
|
0-0: Ball 1-0: Ball 2-0: Foul Ball, location: 2F 2-1: Ball 3-1: Called Strike 3-2: Base on Balls
|
|
Batting: LHB Bob Govella
|
0-0: Called Strike 0-1: Swinging Strike 0-2: Strikes out swinging
|
|
Batting: SHB Sean Hill
|
0-0: Foul Ball, location: 2F 0-1: Ball 1-1: Fielders Choice at 2nd, 4-6 (Groundball, 4, EV 80.0 MPH)
|
|
Batting: RHB Kieron Clark
|
0-0: Ball 1-0: Ball 2-0: Ball 3-0: Base on Balls Sean Hill to second
|
|
Batting: LHB Bruce Arvizu
|
0-0: Swinging Strike 0-1: Foul Ball, location: 2F 0-2: Ball 1-2: Strikes out looking
|
| Top of the 6th over - 0 runs, 0 hits, 0 errors, 2 left on base; Tri-City 3 - Los Angeles (NYP) 1 |
| BOTTOM OF THE 6TH |
|
Los Angeles (NYP) Angels batting - Pitching for Tri-City ValleyCats : LHP Jason Mitchell
|
|
Batting: RHB Sean Rocha
|
0-0: Called Strike 0-1: Ball 1-1: Ball 2-1: Ball 3-1: Base on Balls
|
|
Batting: RHB Kyle Gray
|
Pickoff Throw to First - Error! E1 Sean Rocha to second 0-0: SINGLE (Groundball, 34D, EV 95.6 MPH) Sean Rocha to third Runner from 3rd tries for Home, SAFE, throw by RF to home
|
|
Batting: SHB Danny Gelinas
|
0-0: Ball 1-0: Foul Ball, location: 2F 1-1: Called Strike 1-2: Strikes out looking
|
|
Batting: RHB Dan Burkhart
|
0-0: Ball 1-0: Ball 2-0: Ball 3-0: Base on Balls Kyle Gray to second
|
|
Batting: LHB Spencer Palmer
|
0-0: Ball 1-0: Foul Ball, location: 2F 1-1: Swinging Strike 1-2: Strikes out swinging
|
|
Batting: RHB David Rhodes
|
0-0: Ball 1-0: Called Strike 1-1: Foul Ball, location: 2F 1-2: Ball 2-2: DOUBLE (Line Drive, 89D, EV 109.4 MPH) Kyle Gray scores Dan Burkhart to third Runner from 3rd tries for Home, SAFE, no throw by CF
|
|
Batting: LHB Alberto Carrillo
|
0-0: SINGLE (Groundball, 34S, EV 65.0 MPH) (infield hit) David Rhodes to third
|
|
Batting: RHB Ron Major
|
0-0: Ball 1-0: Swinging Strike 1-1: Ball 2-1: Called Strike 2-2: Foul Ball, location: 2F 2-2: Strikes out looking
|
| Bottom of the 6th over - 3 runs, 3 hits, 1 error, 2 left on base; Tri-City 3 - Los Angeles (NYP) 4 |
| TOP OF THE 7TH |
|
Tri-City ValleyCats batting - Pitching for Los Angeles (NYP) Angels : RHP Jerry Romero
|
|
Batting: RHB Erik Smith
|
0-0: Foul Ball, location: 2F 0-1: Ball 1-1: Swinging Strike 1-2: Hit by Pitch
|
|
Batting: LHB Aldo Kok
|
0-0: Fly out, F9 (Flyball, 9, EV 86.2 MPH)
|
|
Batting: RHB Dinand Brouwer
|
0-0: Called Strike 0-1: Grounds into double play, 4-6-3 (Groundball, 34, EV 91.9 MPH)
|
| Top of the 7th over - 0 runs, 0 hits, 0 errors, 0 left on base; Tri-City 3 - Los Angeles (NYP) 4 |
| BOTTOM OF THE 7TH |
|
Los Angeles (NYP) Angels batting - Pitching for Tri-City ValleyCats : LHP Jason Mitchell
|
|
Batting: RHB Dan Myers
|
0-0: Called Strike 0-1: Swinging Strike 0-2: Ball 1-2: Strikes out swinging
|
|
Batting: RHB Sean Rocha
|
0-0: Fly out, F7 (Flyball, 7, EV 91.2 MPH)
|
|
Batting: RHB Kyle Gray
|
0-0: Ball 1-0: Swinging Strike 1-1: Ball 2-1: Called Strike 2-2: Ball 3-2: Foul Ball, location: 2F 3-2: Foul Ball, location: 2F 3-2: Strikes out swinging
|
| Bottom of the 7th over - 0 runs, 0 hits, 0 errors, 0 left on base; Tri-City 3 - Los Angeles (NYP) 4 |
| TOP OF THE 8TH |
|
Tri-City ValleyCats batting - Pitching for Los Angeles (NYP) Angels : RHP Jerry Romero
|
|
Pitching: RHP Kunihiro Sasaki
|
|
|
Batting: RHB Alex Campos
|
0-0: Ball 1-0: Foul Ball, location: 2F 1-1: Swinging Strike 1-2: Strikes out looking
|
|
Batting: LHB Mike Handrahan
|
0-0: Called Strike 0-1: Called Strike 0-2: Ground out 5-3 (Groundball, 6, EV 101.9 MPH)
|
|
Batting: LHB Bob Govella
|
0-0: Called Strike 0-1: Ball 1-1: Called Strike 1-2: Strikes out swinging
|
| Top of the 8th over - 0 runs, 0 hits, 0 errors, 0 left on base; Tri-City 3 - Los Angeles (NYP) 4 |
| BOTTOM OF THE 8TH |
|
Los Angeles (NYP) Angels batting - Pitching for Tri-City ValleyCats : LHP Jason Mitchell
|
|
Pitching: RHP Ryan Hoagland
|
|
|
Batting: SHB Danny Gelinas
|
0-0: Called Strike 0-1: Foul Ball, location: 2F 0-2: Foul Ball, location: 2F 0-2: Foul Ball, location: 2F 0-2: Ball 1-2: Ground out 4-3 (Groundball, 34D, EV 106.2 MPH)
|
|
Batting: RHB Dan Burkhart
|
0-0: Ball 1-0: Called Strike 1-1: Ball 2-1: Swinging Strike 2-2: Ball 3-2: Base on Balls
|
|
Batting: LHB Spencer Palmer
|
0-0: Called Strike 0-1: Ball 1-1: Ball Dan Burkhart steals 2nd, throwing error, E2 Dan Burkhart to third 2-1: Intentional Walk
|
|
Batting: RHB David Rhodes
|
0-0: Ball 1-0: Ball Wild Pitch! Dan Burkhart scores Spencer Palmer to second 2-0: SINGLE (Line Drive, 9S, EV 94.4 MPH) Spencer Palmer to third Runner from 3rd tries for Home, SAFE, throw by RF to home
|
|
Batting: LHB Alberto Carrillo
|
0-0: Ball 1-0: Fielders Choice at 2nd, 6-4 (Groundball, 6S, EV 83.1 MPH)
|
|
Batting: RHB Ron Major
|
0-0: Ball 1-0: Ground out U3 (Groundball, 3, EV 91.2 MPH)
|
| Bottom of the 8th over - 2 runs, 1 hit, 1 error, 1 left on base; Tri-City 3 - Los Angeles (NYP) 6 |
| TOP OF THE 9TH |
|
Tri-City ValleyCats batting - Pitching for Los Angeles (NYP) Angels : RHP Kunihiro Sasaki
|
|
Pitching: RHP Matt Doherty
|
|
|
Batting: SHB Sean Hill
|
0-0: Ball 1-0: Ball 2-0: Ball 3-0: Base on Balls
|
|
Batting: RHB Kieron Clark
|
0-0: Ball 1-0: Called Strike 1-1: Swinging Strike 1-2: Ball 2-2: Ball 3-2: Strikes out swinging
|
|
Batting: LHB Bruce Arvizu
|
0-0: Ball 1-0: Ball 2-0: SINGLE (Line Drive, 34, EV 108.1 MPH) Sean Hill to second
|
|
Batting: RHB Erik Smith
|
0-0: Called Strike 0-1: Foul Ball, location: 2F 0-2: Ball 1-2: Ball 2-2: Ball 3-2: Foul Ball, location: 2F 3-2: Base on Balls Sean Hill to third Bruce Arvizu to second
|
|
Batting: LHB Aldo Kok
|
0-0: Called Strike 0-1: Foul Ball, location: 2F 0-2: Grounds into double play, 4-6-3 (Groundball, 4, EV 103.8 MPH)
|
| Top of the 9th over - 0 runs, 1 hit, 0 errors, 2 left on base; Tri-City 3 - Los Angeles (NYP) 6 |
|